 Dungeon Crawl Stone Soup version 0.29.1-12-g30fa7ad0bf (webtiles) character file.

Game seed: 4076204978576725148

16529 KittyFluff the Basher (level 12, -5/114 HPs)
             Began as a Gargoyle Berserker on Dec 25, 2022.
             Was a High Priest of Trog.
             Slain by a merfolk
             ... wielding a +0 trident
              (8 damage)
             ... on level 3 of the Lair of Beasts.
             The game lasted 01:24:18 (15177 turns).

KittyFluff the Basher (Gargoyle Berserker)         Turns: 15177, Time: 01:24:18

Health: -5/114     AC: 22    Str: 27    XL:     12   Next: 38%
Magic:  12/12      EV: 14    Int:  7    God:    Trog [*****.]
Gold:   510        SH:  5    Dex: 13    Spells: 11/11 levels left

rFire   . . .      SeeInvis .   a - +6 mace "Jutyuhafi" {venom, *Slow +Blink rElec rCorr}
rCold   + . .      Faith    .   (no shield)
rNeg    + . .      Spirit   .   K - +2 leather armour {rC+}
rPois   ∞          Reflect  +   V - +2 hat {Will+}
rElec   +          Harm     .   W - +0 cloak {Will+}
rCorr   +          Rampage  .   x - +0 pair of gloves
Will    ++...                   c - +1 pair of boots of the Zealous God {Dex+4}
Stlth   ..........              S - amulet of reflection
HPRegen 0.29/turn               (no ring)
MPRegen 0.13/turn               (no ring)

@: berserking, very quick
A: sickness immunity, AC +8, negative energy resistance 1, electricity
resistance, torment resistance 1, petrification resistance
a: Renounce Religion, Evoke Blink, Berserk, Trog's Hand, Brothers in Arms


You were on level 3 of the Lair of Beasts.
You worshipped Trog.
Trog was extremely pleased with you.
You visited 2 branches of the dungeon, and saw 13 of its levels.

You collected 762 gold pieces.
You spent 252 gold pieces at shops.

Inventory:

Hand Weapons
 a - the +6 mace "Jutyuhafi" (weapon) {venom, *Slow +Blink rElec rCorr}
   (You found it on level 3 of the Dungeon)

   It poisons the flesh of those it strikes.
   rElec:     It insulates you from electricity.
   +Blink:    It lets you blink.
   rCorr:     It protects you from acid and corrosion.
   *Slow:     It may slow you when you take damage.
 o - a +0 sling
 M - a +4 morningstar
Missiles
 d - 4 throwing nets
 t - 38 poisoned darts
 C - 5 atropa-tipped darts
 D - 15 boomerangs (quivered)
 H - 2 silver boomerangs
 R - a curare-tipped dart
 U - 3 boomerangs of dispersal
Armour
 c - the +1 pair of boots of the Zealous God (worn) {Dex+4}
   (You acquired it on level 7 of the Dungeon)

   Dex:       It affects your dexterity (+4).
 j - an orb of mayhem
 x - a +0 pair of gloves (worn)
 I - a +1 helmet
 K - a +2 leather armour of cold resistance (worn)
 V - a +2 hat of willpower (worn)
 W - a +0 cloak of willpower (worn)
Jewellery
 m - a ring of fire
 y - the ring "Fonawn" {Will+ Str-4 Int+9 Dex+6 Stlth+}
   (You found it on level 1 of the Lair of Beasts)

   [ring of dexterity]

   Str:       It affects your strength (-4).
   Int:       It affects your intelligence (+9).
   Dex:       It affects your dexterity (+6).
   Will:      It increases your willpower.
   Stlth:     It makes you more stealthy.
 B - a ring of positive energy
 S - an amulet of reflection (around neck)
 Z - a ring of ice
Wands
 h - a wand of iceblast (20)
 l - a wand of flame (6)
 q - a wand of digging (7)
 w - a wand of polymorph (3)
 J - a wand of charming (21)
 P - a wand of light (8)
Scrolls
 e - 4 scrolls of immolation
 f - 4 scrolls of silence
 i - 3 scrolls of enchant weapon
 k - a scroll of fear
 n - 2 scrolls of torment
 p - 2 scrolls of enchant armour
 s - 4 scrolls of magic mapping
 u - a scroll of summoning
 G - a scroll of poison {unknown}
 L - 2 scrolls of butterflies
 N - 2 scrolls of teleportation {unknown}
Potions
 b - 5 potions of curing
 g - 3 potions of heal wounds
 r - a potion of mutation {unknown}
 v - 2 potions of degeneration {unknown}
 z - 2 potions of haste
 A - a potion of ambrosia {unknown}
 E - 2 potions of attraction {unknown}
 F - 3 potions of lignification {unknown}
 O - 2 potions of resistance {unknown}
 Q - a potion of berserk rage {unknown}
 T - a potion of magic {unknown}
 X - a potion of brilliance {unknown}
 Y - a potion of cancellation {unknown}


   Skills:
 + Level 9.1 Fighting
 * Level 13.2 Maces & Flails
 - Level 4.8 Ranged Weapons
 + Level 1.0 Throwing
 * Level 10.0 Armour
 + Level 5.6 Dodging
 + Level 4.1 Stealth
 + Level 2.7 Evocations


You had 11 spell levels left.
You didn't know any spells.
Your spell library contained the following spells:

 Spells                   Type           Power      Damage    Failure   Level
 Sandblast                Erth           0%         2d4       45%         1
 Passwall                 Tmut/Erth      0%         N/A       61%         2
 Stone Arrow              Conj/Erth      0%         3d7       83%         3


Dungeon Overview and Level Annotations

Branches:
Dungeon (10/15)            Temple (0/1) D:6            Lair (3/5) D:8
    Orc (0/2) D:9
  Swamp: Lair:2-3    Shoals: Lair:2-3     Snake: Lair:2-3    Spider: Lair:2-3

Altars:
Fedhas
Kikubaaqudgha
Makhleb
Wu Jian
Xom
Yredelemnul
Zin
The Shining One

Shops:
D:7 *   D:8 =   D:9 :

Annotations:
D:7 1 runed translucent door, cdecastro's ghost, novice PaFi
Lair:2 3 runed translucent doors, FexLirch's ghost, journeyman DECj


Innate Abilities, Weirdness & Mutations

You are immune to sickness and miasma.
Your stone body is resilient. (AC +8)
You are immune to poison.
You resist negative energy. (rN+)
You are resistant to electric shocks. (rElec)
You are resistant to unholy torment.
You are immune to petrification.


Message History

The merfolk misses you. The yak closely misses you.
The merfolk barely misses you.
You sock the yak!
The yak looks as sick as possible!
The yak is almost dead.
The merfolk hits you but does no damage.
The yak barely misses you.
The merfolk hits you but does no damage.
You sock the yak!
You kill the yak!
Trog accepts your kill.
A merfolk comes into view. It is wielding a +0 trident.
The merfolk closely misses you. You block the merfolk's attack.
The merfolk hits you with a +0 trident!
Items here: ( ) ††.
You hit the merfolk but do no damage.
The merfolk is poisoned.
The merfolk hits you with a +0 trident. The merfolk barely misses you.
The merfolk misses you.
A red film seems to cover your vision as you go berserk!
You feel yourself moving faster!
You feel mighty! The merfolk closely misses you. The merfolk barely misses you.
The merfolk hits you with a +0 trident!
You bludgeon the merfolk!!
The merfolk is moderately wounded.
The merfolk barely misses you.
You closely miss the merfolk.
The merfolk is moderately wounded.
The merfolk hits you with a +0 trident.
The merfolk hits you from afar with a +0 trident!
* * * LOW HITPOINT WARNING * * *
You completely miss the merfolk.
The merfolk is heavily wounded.
The merfolk hits you with a +0 trident!
* * * LOW HITPOINT WARNING * * *
You closely miss the merfolk.
The merfolk is heavily wounded.
You block the merfolk's attack.
The merfolk hits you from afar with a +0 trident!
* * * LOW HITPOINT WARNING * * *
The merfolk hits you from afar with a +0 trident!
You die...

#.........................
###.#.##P#.......#####.###
#...#######.....# ###
#....#####P.....#
##.......#.....##
#......###....# ....
##.##...P##....# ...#
#^.###..P#.....# ..
##..##..@)m....# .
#.....###m....# .###
###.### ~m....... .... ###
~.#....... .... ...
....... .... ..## .......
.... .## P.#.... .... ##
....... .... ..##


You could see 2 merfolk.

Vanquished Creatures
  Gastronok (D:9)
  A hydra (Lair:1)
  A two-headed ogre (D:10)
  An ugly thing (D:8)
  Maurice (D:9)
  Joseph (D:7)
  2 cane toads (Lair:2)
  2 komodo dragons
  2 rime drakes (Lair:1)
  2 trolls
  A merfolk (Lair:3)
  2 hornets
  Prince Ribbit (D:7)
  7 blink frogs
  A wyvern (Lair:1)
  20 yaks
  Grum (D:9)
  5 water moccasins
  2 ice beasts (D:7)
  2 sky beasts
  A black bear (shapeshifter) (D:10)
  2 orc warriors (D:9)
  4 black bears
  5 wolves
  A phantom (D:6)
  4 kobold brigands
  3 necrophages
  A gnoll sergeant (D:10)
  3 scorpions
  10 wights (D:8)
  14 killer bees
  5 howler monkeys
  4 electric eels
  2 jellies
  3 gnoll boudas
  11 orc priests
  5 hounds
  5 iguanas
  12 orc wizards
  25 gnolls
  10 adders
  An ufetubus (D:4)
  4 worms
  5 dart slugs
  51 orcs
  8 endoplasms
  6 giant cockroaches
  9 hobgoblins
  3 quokkas
  8 ball pythons
  5 bats
  2 frilled lizards
  10 goblins
  30 kobolds
  9 rats
337 creatures vanquished.

Vanquished Creatures (collateral kills)
  A yak (D:9)
  An acid dragon (D:9)
2 creatures vanquished.

Vanquished Creatures (others)
  A fungus (Lair:3)
  7 plants
8 creatures vanquished.

Grand Total: 347 creatures vanquished

Notes
Turn   | Place    | Note
-------+----------+-------------------------------------------
     0 | D:1      | KittyFluff the Gargoyle Berserker began the quest for the
                  | Orb.
     0 | D:1      | Reached XP level 1. HP: 14/14 MP: 1/1
   101 | D:1      | Found a faded altar of an unknown god.
   211 | D:1      | Reached XP level 2. HP: 19/19 MP: 2/2
   970 | D:2      | Reached XP level 3. HP: 6/24 MP: 3/3
  1197 | D:2      | You fall into a shaft and drop 2 floors!
  1381 | D:3      | Reached ** piety under Trog
  1661 | D:2      | Reached XP level 4. HP: 29/29 MP: 4/4
  1820 | D:2      | Reached skill level 4 in Maces & Flails
  2758 | D:3      | Reached XP level 5. HP: 33/33 MP: 5/5
  3186 | D:3      | Identified the +6 mace "Jutyuhafi" {venom, *Slow +Blink
                  | rElec rCorr}
  3378 | D:4      | Reached XP level 6. HP: 32/38 MP: 6/6
  3626 | D:4      | Reached skill level 5 in Maces & Flails
  3763 | D:4      | Reached *** piety under Trog
  4047 | D:4      | Reached skill level 1 in Stealth
  4157 | D:4      | Reached XP level 7. HP: 25/44 MP: 7/7
  4482 | D:5      | Entered Level 5 of the Dungeon
  4674 | D:5      | Reached skill level 1 in Ranged Weapons
  4988 | D:5      | Reached skill level 6 in Maces & Flails
  5287 | D:5      | Found a glowing golden altar of the Shining One.
  5295 | D:5      | Found an ancient bone altar of Kikubaaqudgha.
  5295 | D:5      | Found a blossoming altar of Fedhas.
  5296 | D:5      | Found a basalt altar of Yredelemnul.
  5300 | D:5      | Found a shimmering altar of Xom.
  5739 | D:5      | Reached skill level 5 in Fighting
  5739 | D:5      | Reached skill level 5 in Armour
  5739 | D:5      | Reached XP level 8. HP: 40/49 MP: 8/8
  5861 | D:6      | Reached **** piety under Trog
  6265 | D:6      | Reached skill level 7 in Maces & Flails
  6658 | D:6      | Found a staircase to the Ecumenical Temple.
  7296 | D:7      | Reached XP level 9. HP: 49/55 MP: 9/9
  7688 | D:7      | Found a glowing silver altar of Zin.
  7688 | D:7      | Found a burning altar of Makhleb.
  7688 | D:7      | Found an ornate altar of the Wu Jian Council.
  7876 | D:7      | Reached skill level 8 in Maces & Flails
  7896 | D:7      | Noticed Prince Ribbit
  7905 | D:7      | Killed Prince Ribbit
  7937 | D:7      | Found Sigum's Assorted Antiques.
  8272 | D:7      | Noticed Joseph
  8294 | D:7      | Killed Joseph
  8593 | D:7      | Noticed cdecastro's ghost (novice PaFi)
  8595 | D:7      | Found a runed translucent door.
  8668 | D:7      | Identified a scroll of acquirement
  8669 | D:7      | Acquired the +1 pair of boots of the Zealous God {Dex+4}
  8761 | D:7      | Bought a blackened garnet amulet for 180 gold pieces
  8761 | D:7      | Bought a scroll of identify for 72 gold pieces
  8789 | D:8      | Reached skill level 9 in Maces & Flails
  8864 | D:8      | Reached ***** piety under Trog
  8872 | D:8      | Reached XP level 10. HP: 61/61 MP: 10/10
  9002 | D:8      | Found Qapapp's Jewellery Shop.
  9249 | D:8      | Noticed a red ugly thing
  9255 | D:8      | Received a gift from Trog
  9264 | D:8      | Killed a red ugly thing
  9268 | D:8      | Reached skill level 10 in Maces & Flails
  9399 | D:8      | Reached skill level 1 in Evocations
  9462 | D:8      | Found a staircase to the Lair.
  9615 | D:9      | Reached skill level 1 in Throwing
 10128 | D:9      | Noticed Grum
 10172 | D:9      | Killed Grum
 10173 | D:9      | Reached skill level 11 in Maces & Flails
 10177 | D:9      | Reached XP level 11. HP: 35/66 MP: 11/11
 10387 | D:9      | Noticed Gastronok
 10405 | D:9      | HP: 1/67 [Gastronok/the air (11)]
 10751 | D:9      | Found a staircase to the Orcish Mines.
 11044 | D:9      | Killed Gastronok
 11180 | D:9      | Noticed Maurice
 11213 | D:9      | Found Haxapeom's Book Emporium.
 11391 | D:9      | Killed Maurice
 11453 | D:10     | Entered Level 10 of the Dungeon
 11570 | D:10     | Reached skill level 5 in Dodging
 11591 | D:10     | Reached skill level 12 in Maces & Flails
 11594 | D:10     | HP: 2/68 [yak (12)]
 12086 | D:10     | Noticed a two-headed ogre
 12099 | D:10     | Killed a two-headed ogre
 13028 | Lair:1   | Entered Level 1 of the Lair of Beasts
 13214 | Lair:1   | Identified the ring "Fonawn" {Will+ Str-4 Int+9 Dex+6
                  | Stlth+}
 13490 | Lair:1   | Reached XP level 12. HP: 56/75 MP: 12/12
 13609 | Lair:1   | Noticed a six-headed hydra
 13622 | Lair:1   | Killed a six-headed hydra
 13737 | Lair:1   | Reached skill level 13 in Maces & Flails
 13914 | Lair:2   | Found a runed translucent gate.
 13914 | Lair:2   | Found a runed translucent gate.
 13914 | Lair:2   | Found a runed translucent gate.
 14640 | Lair:2   | Reached skill level 10 in Armour
 14932 | Lair:2   | Noticed FexLirch's ghost (journeyman DECj)
 15176 | Lair:3   | HP: 2/114 [merfolk/+0 trident (8)]
 15177 | Lair:3   | Slain by a merfolk

Illustrated notes

Levels and vault maps discovered:
D:1:      amcnicky_arrival_flooded_fountain, layout_basic,
          shapermc_ecumenical_altar_notcrosses
D:2:      layout_basic
D:3:      layout_loops_corners, minmay_close_crescents
D:4:      minmay_bubble_buster, layout_basic
D:5:      layout_loops_corners, minitemple
D:6:      layout_cave_pods, minmay_temple_entry_antechambers
D:7:      minmay_skewed_foursquare, layout_layer_cave,
          gammafunk_temple_overflow_claw, hellmonk_ghost_happy_afterlife,
          serial_shops, shop, chequers_serial_rivers_large_a, uniq_joseph,
          uniq_prince_ribbit1
D:8:      layout_rooms, erik_lair_island, serial_shops,
          nicolae_shop_window_shopping, grunt_ministairs_5
D:9:      wad_pebble_path, layout_loops_ring, orc_0_dummy, serial_shops,
          shop_coins, uniq_grum, uniq_gastronok, uniq_maurice
D:10:     layout_loops_ring
Lair:1:   layout_chaotic_city, small_statue_intersection,
          chequers_serial_rivers_small_3, serial_bayou_ford_a
Lair:2:   layout_cave_pods, gammafunk_ghost_necromancy,
          hangedman_lair_unloving_vines, serial_bayou_shore_b
Lair:3:   layout_regular_city, elwin_shoals_entry_stream,
          nicolae_spider_entry_tight_spaces, guppyfry_lair_drakes,
          grunt_megastairs_3, serial_bayou_shore_a, serial_bayou_shore_b

Skill      XL: |  1  2  3  4  5  6  7  8  9 10 11 12 |
---------------+-------------------------------------+-----
Maces & Flails | 4 5 6 7 9 11 12 13 | 13.2
Fighting       | 4 5 6 8 9 |  9.1
Armour         | 3 4 5 7 8 9 10 | 10.0
Dodging        | 2 3 4 5 |  5.6
Stealth        | 1 2 3 4 |  4.1
Ranged Weapons | 1 3 4 |  4.8
Evocations     | 1 2 |  2.7
Throwing       | 1 |  1.0

Action                   |  1- 3 |  4- 6 |  7- 9 | 10-12 || total
-------------------------+-------+-------+-------+-------++-------
Melee: Mace              |   115 |   210 |   294 |   526 ||  1145
       Punch             |     1 |     2 |     1 |     4 ||     8
 Fire: Sling             |       |    14 |    53 |    38 ||   105
Throw: Dart              |       |       |       |     1 ||     1
       Boomerang         |       |       |       |     3 ||     3
Invok: Berserk           |       |     1 |       |     4 ||     5
       Brothers in Arms  |       |       |       |     1 ||     1
 Abil: Evoke Blink       |       |       |       |     1 ||     1
  Use: Scroll            |       |     4 |     8 |     3 ||    15
 Stab: Sleeping          |       |       |     1 |       ||     1
       Distracted        |       |       |     1 |       ||     1
Armor: Animal skin       |    23 |       |       |       ||    23
       Leather armour    |    38 |   102 |   158 |   203 ||   501
Dodge: Dodged            |    73 |   107 |   172 |   276 ||   628
Block: Other             |       |       |       |     4 ||     4
